[Event "*** Titled Tuesday 3|2 Blitz"]
[Site "Chess.com"]
[Date "2015.04.07"]
[Round "7"]
[White "AnthonyWirig"]
[Black "bugsbunny444"]
[Result "0-1"]
[WhiteElo "2455"]
[BlackElo "2320"]
[TimeControl "180+2"]
[EndTime "12:33:59 PDT"]
[Termination "bugsbunny444 won by resignation"]

1. g3 d5 2. Bg2 e5 3. b3 Nc6 4. Bb2 Be6 5. e3 Qd7 6. d3 O-O-O 7. a3 h5 8. h3 h4 9. g4 f5 10. gxf5 Bxf5 11. Nd2 Nf6 12. Qe2 Bg6 13. O-O-O Bh5 14. Bf3 Qf5 15. Bxh5 Qxh5 16. f3 Bc5 17. Kb1 Rhe8 18.
e4 Nd4 19. Qf1 Qh6 20. Ne2 Nxe2 21. Qxe2 Nh5 22. Qg2 Ng3 23. Rhe1 Be3 24. Nf1 Bf4 25. exd5 Rxd5 26. Nh2 Qg5 27. Ng4 Rd7 28. Qf2 Kb8 29.
Qc5 Qe7 30. Qb5 a6 31. Qa5 Qd6 32. Nxe5 Rde7 33. Nc4 Rxe1 34. Rxe1 Qd7 35. Rxe8+ Qxe8 36. Be5 Bxe5 37. Qxe5 Qd7 38. Nb6 Qxh3 39. Qe8+ Ka7 40. Nc8+ Kb8 41. Ne7+ Ka7 42. Nc8+ Kb8 43. Ne7+ Ka7 44.
Kb2 Qf1 45. Nc8+ Kb8 46. a4 Qxf3 47. Ne7+ Ka7 48. Nc8+ Kb8 49. a5 Qf6+ 50. Ka2 Qc6 51. Qf8 Qxc2+ 52. Ka3 Qc1+ 53. Ka2 Qc2+ 54. Ka3 Qc1+ 55.
Kb4 c5+ 0-1

[Event "*** Titled Tuesday 3|2 Blitz"]
[Site "Chess.com"]
[Date "2015.04.07"]
[Round "7"]
[White "1stSecond"]
[Black "MITerryble"]
[Result "0-1"]
[WhiteElo "2389"]
[BlackElo "2501"]
[TimeControl "180+2"]
[EndTime "12:34:30 PDT"]
[Termination "MITerryble won by resignation"]

1. d4 e6 2. Nf3 Nf6 3. c4 Bb4+ 4.
Nbd2 O-O 5. g3 d5 6. Bg2 dxc4 7.
O-O Nc6 8. Nxc4 Bd6 9. a3 Qe7 10.
Nfe5 Bxe5 11. dxe5 Nd5 12. e3 b5 13. Nd2 Nxe5 14. Nf3 Nxf3+ 15. Qxf3 Bb7 16. Bd2 c5 17. Rac1 Rac8 18. Rfd1 Rfe8 19. e4 Nf6 20. Qe3 Nd7 21.
Bc3 Nb6 22. Qf4 e5 23. Qe3 Nc4 24. Qe2 a6 25. Rd3 Rcd8 26. Rcd1 h6 27. h4 Bc8 28. b3 Rxd3 29. Qxd3 Nxa3 30. Ba5 c4 31. Qc3 Bg4 32. Ra1 b4 33. Bxb4 Nb5 34. Qxc4 Qb7 35. Qd5 Qb8 36.
Rxa6 Nc7 37. Bd6 Qc8 38. Bxc7 Qxa6 39. Bxe5 Be6 40. Qd4 f6 41. Bf4 Bxb3 42. e5 Qc4 43. Qxc4+ Bxc4 44. exf6 Re1+ 45. Kh2 Re2 46. Kg1 Re1+ 47.
Kh2 Re2 48. Kg1 gxf6 49. Bxh6 Kf7 50. Be3 Kg6 51. Kh2 f5 52. Bf3 Ra2 53. Kh3 Bf1+ 54. Kh2 Bd3 55. h5+ Kh7 56. Kh3 Ra4 57. Bf4 Be4 58. Bxe4 Rxe4 59. Kh4 Re2 60. Be3 f4 61. gxf4 Re1 62. f5 Kg7 63. Bf4 Kf6 64. Kg4 Re4 65. h6 Ra4 66. f3 Rc4 67. Kh5 Rxf4 68. h7 Kg7 69. Kg5 Rxf3 70. f6+ Kxh7 71. f7 Rxf7 72.
Kh5 0-1

[Event "*** Titled Tuesday 3|2 Blitz"]
[Site "Chess.com"]
[Date "2015.04.07"]
[Round "7"]
[White "petrpalachev"]
[Black "facu57"]
[Result "1/2-1/2"]
[WhiteElo "2416"]
[BlackElo "2134"]
[TimeControl "180+2"]
[EndTime "12:35:04 PDT"]
[Termination "Game drawn by repetition"]

1. d4 c6 2. c4 d5 3. Nf3 e6 4.
e3 Nf6 5. b3 Bd6 6. Bb2 O-O 7.
Bd3 Nbd7 8. Nbd2 b6 9. e4 dxe4 10. Nxe4 Be7 11. O-O Bb7 12. Qe2 c5 13. Rad1 Qc7 14.
Nxf6+ Bxf6 15. Be4 cxd4 16. Bxb7 Qxb7 17. Nxd4 Rad8 18.
Nf3 Qc7 19. Bxf6 Nxf6 20. g3 h6 21. Ne5 Nd7 22. Nxd7 Rxd7 23. Rxd7 Qxd7 24. Rd1 Qc7 25. Qd2 Re8 26. Qd7 Re7 27. Qd8+ Kh7 28. Qxc7 Rxc7 29. f4 Kg6 30. a4 Kf5 31. Kf2 Ke4 32. Ke2 g5 33. fxg5 hxg5 34. Rd8 f5 35. Rg8 g4 36. Rh8 e5 37. h3 gxh3 38. Rxh3 Rg7 39. Rh4+ f4 40.
gxf4 exf4 41. Kf2 Rg3 42. Rh7 Rxb3 43. Rxa7 Rb2+ 44. Ke1 f3 45. a5 bxa5 46. Rxa5 Kd4 47.
Rf5 Ke3 48. Re5+ Kf4 49. Re8 Rc2 50. Rc8 Ke4 51. Re8+ Kd3 52. Rf8 Ke3 53. Re8+ Kf4 54. Rf8+ Kg3 55. Rg8+ Kf4 56. Rh8 Kg3 57. Rg8+ Kf4 58.
Rh8 Re2+ 59. Kf1 Re5 60. Rd8 Ke3 61. Rd5 Re4 62. c5 Rc4 63. Re5+ Kf4 64. Rh5 Kg4 65. Rd5 Kg3 66. Rg5+ Kf4 67. Rh5 Rc1+ 68. Kf2 Rc2+ 69. Kf1 Ke4 70. Rg5 Rc3 71. Rh5 Rc1+ 72. Kf2 Rc2+ 73.
Kf1 Ke3 74. Re5+ Kd4 75. Rf5 Ke4 76. Rh5 Kf4 77. Rd5 Kg3 78. Rg5+ Kh4 79. Rd5 Kg4 80. Re5 Kf4 81. Rh5 Rc1+ 82. Kf2 Rc2+ 83. Kf1 Ke3 84.
Re5+ Kd4 85. Rf5 Ke4 86. Rh5 Rc1+ 87. Kf2 Rc2+ 88. Kf1 Kf4 89. Rd5 Kg3 90. Rg5+ Kh3 91. Rf5 Kg4 92. Rd5 Rc4 93. Kf2 Rc2+ 94. Kf1 Kg3 95. Rg5+ Kf4 96. Rh5 Kg4 97. Rd5 Kg3 98.
Rg5+ Kf4 99. Rd5 Ke4 100. Rh5 Kd4 101. Rf5 Rc3 102. Kf2 Ke4 103. Rh5 Rc2+ 104. Kf1 Kf4 105. Rd5 Rh2 106. c6 Rc2 107. Rd6 Ke5 108. Rh6 Kf5 109. Rd6 Ke5 110. Rh6 Kf4 111. Rf6+ Ke3 112. Re6+ Kf4 113. Kg1 Kg3 114. Rg6+ Kf4 115. Kf1 Ke3 116. Re6+ Kf4 117. Rf6+ Ke3 118. Re6+ Kf4 1/2-1/2

[Event "*** Titled Tuesday 3|2 Blitz"]
[Site "Chess.com"]
[Date "2015.04.07"]
[Round "7"]
[White "jefferyx"]
[Black "jcibarra"]
[Result "1-0"]
[WhiteElo "2229"]
[BlackElo "2498"]
[TimeControl "180+2"]
[EndTime "12:35:19 PDT"]
[Termination "jefferyx won by resignation"]

1. e4 c5 2. Nf3 e6 3. g3 Nc6 4.
Bg2 Nf6 5. Qe2 d6 6. O-O Be7 7. c3 e5 8. d4 cxd4 9. cxd4 Bg4 10.
d5 Nd4 11. Qd3 Nxf3+ 12. Bxf3 Bh3 13. Bg2 Qd7 14. Nc3 a6 15. a4 h5 16. Bg5 h4 17. gxh4 Bxg2 18. Kxg2 Nh5 19. Qh3 Bxg5 20. Qxd7+ Kxd7 21. hxg5 Nf4+ 22. Kh1 Rh5 23. f3 Rxg5 24. Rg1 Rh5 25. b4 Rc8 26. Ra3 g6 27. a5 Rc4 28.
b5 Rh8 29. bxa6 bxa6 30. Rb3 Ke7 31. Re1 Kf6 32. Kg1 Rhc8 33. Ne2 Kg5 34. Rb6 Rd8 35.
Rxa6 Ra4 36. Ra7 f6 37. Nxf4 Kxf4 38. Rg7 Kg5 39. h4+ Kh6 40. Rf7 Rxa5 41. Rxf6 Ra2 42. Rf1 Kh5 43. Rf2 Ra6 44. Kg2 Rb8 45. Kh2 Rb1 46.
Rg2 Raa1 47. Kg3 Rb6 48. Rf8 Kh6 49. Kh2 Kh7 50. Rf7+ Kh6 51. Rf6 Rbb1 52. Rfxg6+ Kh5 53. R6g5+ Kh6 54. Rg6+ Kh5 55. Rg8 Rh1+ 56. Kg3 Rhf1 57. Kh2 Rh1+ 58. Kg3 Rhf1 59. Rg5+ Kh6 60. Kg4 Ra3 61.
Rg3 Rh1 62. Kf5 Rxh4 63. Rg6+ Kh7 64. Rxd6 Rh5+ 65. Ke6 Rb3 66. Rd7+ Kh8 67. Rd8+ Kh7 68. Rd7+ Kh8 69. Rf7 Rb6+ 70. d6 Rh6+ 71. Rf6 Rxf6+ 72. Kxf6 Rxd6+ 73. Kxe5 Rd8 74. f4 Rd3 75. Rxd3 1-0

[Event "*** Titled Tuesday 3|2 Blitz"]
[Site "Chess.com"]
[Date "2015.04.07"]
[Round "7"]
[White "Dlugy"]
[Black "Daniel_Fridman"]
[Result "0-1"]
[WhiteElo "2520"]
[BlackElo "2633"]
[TimeControl "180+2"]
[EndTime "12:36:00 PDT"]
[Termination "Daniel_Fridman won by checkmate"]

1. d4 Nf6 2. c4 e6 3. Nf3 d5 4.
Nc3 c6 5. e3 Nbd7 6. Qc2 Bd6 7.
Bd2 O-O 8. O-O-O b5 9. cxb5 c5 10. Kb1 a6 11. dxc5 Nxc5 12. Nd4 Qb6 13. f3 axb5 14.
Ncxb5 Be7 15. b4 Na6 16. Nc6 Re8 17. Nxe7+ Rxe7 18. Rc1 Bd7 19. a4 Ree8 20. Bd3 e5 21. e4 dxe4 22. fxe4 Red8 23. Bc4 Rac8 24. Qb3 Nxe4 25. Bxf7+ Kh8 26. Be3 Qb8 27. Rxc8 Rxc8 28. Rc1 Rxc1+ 29. Kxc1 Bxb5 30. axb5 Qxb5 31. Bc4 Qxb4 32.
Qxb4 Nxb4 33. Kb2 Nf6 34. Bc5 Nc6 35. Kc2 g5 36. Kd3 Kg7 37. Bb5 Nd8 38. Bc4 Kg6 39. Bd6 e4+ 40. Ke3 Nf7 41. Bc7 Nh6 42. h3 Nf5+ 43. Ke2 h5 44. Bb6 h4 45. Ba6 Nd6 46. Bc5 Nf5 47. Bb6 Nd5 48. Bc5 Nf4+ 49. Kf1 e3 50.
Bc4 Kf6 51. Ba6 Ke5 52. Bb6 Nd4 53. Bc7+ Ke4 54. Bd8 e2+ 55. Bxe2 Ndxe2 56. Bxg5 Ng3+ 57. Kf2 Nf5 58. Bxh4 Nxh4 59. g3 Nxh3+ 60. Ke2 Nf3 61. g4 Nhg5 62. Kf2 Kd3 63. Kg3 Ke3 64. Kg2 Nh4+ 65.
Kg3 Nhf3 66. Kg2 Nd4 67. Kg3 Ne2+ 68. Kh4 Kf4 69. Kh5 Nd4 70. Kg6 Nde6 71. Kf6 Ke4 72.
Kg6 Ke5 73. Kh5 Kf6 74. Kh4 Nf4 75. Kg3 Ke5 76. Kh4 Nf3+ 77. Kg3 Ng5 78. Kh4 Nfe6 79. Kg3 Ke4 80. Kh4 Kf4 81. Kh5 Ke5 82. Kg6 Kd6 83.
Kf6 Kd5 84. Kf5 Kd6 85. Kf6 Kd7 86. Ke5 Ke7 87. Kf5 Kd6 88. Kf6 Kd5 89. Kf5 Kd4 90.
Kf6 Ke4 91. Kg6 Ke5 92. Kh5 Kf6 93. Kh4 Nf4 94. Kg3 Ng6 95. Kf2 Ke5 96. Ke3 Nf4 97.
Kf2 Ke4 98. Kg3 Ng6 99. Kf2 Kd3 100. Kg3 Ke3 101. Kg2 Ke2 102. Kg3 Kf1 103. Kh2 Kf2 104. Kh1 Nf3 105. g5 Ne7 106. g6 Nf5 107. g7 Ng3# 0-1

[Event "*** Titled Tuesday 3|2 Blitz"]
[Site "Chess.com"]
[Date "2015.04.07"]
[Round "8"]
[White "jefferyx"]
[Black "Yaacovn"]
[Result "1-0"]
[WhiteElo "2310"]
[BlackElo "2594"]
[TimeControl "180+2"]
[EndTime "12:41:48 PDT"]
[Termination "jefferyx won by resignation"]

1. e4 c6 2. d4 d5 3. e5 Bf5 4. h4 Qb6 5. c4 dxc4 6. Nc3 Bd3 7.
Bxd3 cxd3 8. Qxd3 e6 9. Nf3 Qa6 10. Qc2 Ne7 11. Bg5 h6 12. Bxe7 Bxe7 13. O-O-O Nd7 14.
Kb1 Nb6 15. Nd2 O-O-O 16. Nb3 Kb8 17. Ne4 Nd5 18. a3 Qb5 19. Rh3 f5 20. Nec5 Nc7 21.
h5 Rd5 22. Rg3 Rg8 23. Rg6 Bxc5 24. Nxc5 Rgd8 25. Rxg7 b6 26. a4 Qb4 27. Na6+ Nxa6 28.
Qxc6 R5d7 29. Rxd7 Rxd7 30. Qxd7 Qc4 31. Rc1 Qd3+ 32.
Ka1 Nc5 33. Qd6+ 1-0

[Event "*** Titled Tuesday 3|2 Blitz"]
[Site "Chess.com"]
[Date "2015.04.07"]
[Round "8"]
[White "lukas_111111"]
[Black "kesarev"]
[Result "1-0"]
[WhiteElo "2336"]
[BlackElo "2205"]
[TimeControl "180+2"]
[EndTime "12:42:14 PDT"]
[Termination "lukas_111111 won by resignation"]

1. e4 g6 2. d4 Bg7 3. Nc3 c5 4. d5 d6 5. Nf3 Nf6 6. Bd3 O-O 7. O-O Na6 8. h3 Nc7 9. Bf4 Nd7 10. Re1 Ne5 11. Nxe5 Bxe5 12. Bxe5 dxe5 13. Nb5 Ne8 14. c4 a6 15. Nc3 Nd6 16. a4 a5 17. Qd2 Kg7 18. f4 f6 19. Rf1 Bd7 20. fxe5 fxe5 21. Qg5 Nf7 22. Qh4 e6 23. Qg3 Qe7 24. Rf2 h6 25.
Raf1 Qg5 26. Qh2 Nd6 27. h4 Qh5 28. Be2 1-0

[Event "*** Titled Tuesday 3|2 Blitz"]
[Site "Chess.com"]
[Date "2015.04.07"]
[Round "8"]
[White "MattyDPerrine"]
[Black "ilmago"]
[Result "1-0"]
[WhiteElo "2200"]
[BlackElo "1890"]
[TimeControl "180+2"]
[EndTime "12:42:40 PDT"]
[Termination "MattyDPerrine won by checkmate"]

1. d4 Nf6 2. c4 g6 3. Nf3 Bg7 4. g3 d6 5. Bg2 O-O 6. O-O c5 7.
Nc3 Nbd7 8. e4 cxd4 9. Nxd4 a6 10. b3 Qc7 11. Bb2 e6 12. Rc1 Rb8 13. f4 b6 14.
e5 dxe5 15. Nc6 Rb7 16. Ne7+ Kh8 17. Nxc8 Rxc8 18. Bxb7 Qxb7 19. fxe5 Nxe5 20. Qe2 Nfd7 21. Ne4 Qc6 22. Rcd1 f5 23. Nd6 Rf8 24. Qg2 Qc5+ 25. Kh1 Ng4 26. Bxg7+ Kxg7 27. Nxf5+ gxf5 28. Rxd7+ Kg6 29. Qb7 Nf6 30. Rg7+ Kh6 31. Rf4 Rh8 32. Rh4+ Nh5 33.
Qf7 f4 34. Qf6# 1-0

[Event "*** Titled Tuesday 3|2 Blitz"]
[Site "Chess.com"]
[Date "2015.04.07"]
[Round "8"]
[White "Mazetovic"]
[Black "jbj"]
[Result "1-0"]
[WhiteElo "2435"]
[BlackElo "2279"]
[TimeControl "180+2"]
[EndTime "12:43:01 PDT"]
[Termination "Mazetovic won by resignation"]

1. e4 d6 2. d4 Nf6 3. Nc3 e5 4. Nf3 Nbd7 5. Bc4 Be7 6. a4 O-O 7. O-O a6 8. Re1 b6 9. b3 Bb7 10. Bb2 c6 11. Bd3 Qc7 12. Ne2 b5 13. Ng3 g6 14. c4 bxa4 15. Rxa4 Rfe8 16. Ra2 Bf8 17. Qd2 exd4 18. Nxd4 Bg7 19. Ndf5 gxf5 20. Nxf5 Ne5 21. Nxg7 Kxg7 22. Qg5+ Kf8 23. Bxe5 Rxe5 24. Qxf6 Kg8 25.
Re3 h6 26. Rg3+ Rg5 27. Rxg5+ hxg5 28. Qxg5+ Kf8 29. Re2 Re8 30. Re3 Qb6 31. Rh3 Qd4 32. Bf1 Rxe4 33. Rd3 Qe5 34. Qd8+ Kg7 35. Rg3+ Kh7 36.
Qg8+ Kh6 37. Rh3+ Rh4 38. Rxh4+ Qh5 39. Qh8+ Kg6 40. Qxh5+ 1-0

[Event "*** Titled Tuesday 3|2 Blitz"]
[Site "Chess.com"]
[Date "2015.04.07"]
[Round "8"]
[White "jup1978"]
[Black "jcibarra"]
[Result "0-1"]
[WhiteElo "2176"]
[BlackElo "2501"]
[TimeControl "180+2"]
[EndTime "12:43:14 PDT"]
[Termination "jcibarra won by resignation"]

1. e4 c5 2. Nf3 e6 3. c3 Nf6 4. e5 Nd5 5. g3 d6 6. exd6 Bxd6 7. Bg2 e5 8. O-O O-O 9. d4 cxd4 10. cxd4 e4 11. Ne5 f5 12. Nc4 Bc7 13. Nc3 Be6 14. Ne3 Nc6 15. Ncxd5 Bxd5 16. Nxd5 Qxd5 17. Be3 Rad8 18. Re1 Nxd4 19. Bxd4 Qxd4 20. Qxd4 Rxd4 21. Red1 Rfd8 22. Rxd4 Rxd4 23. Rc1 Bb6 24. Rc2 Rd1+ 25. Bf1 Kf7 26. Kg2 Kf6 27. Be2 Ra1 28. Bc4 g5 29.
Bd5 Ke5 30. Bxb7 Rxa2 31. h4 gxh4 32. gxh4 Bd4 33. f3 e3 34. Kf1 Rxb2 35. Rxb2 Bxb2 36. Ke2 f4 37. Ba6 Kd4 38. h5 h6 39. Kd1 Kc5 40. Kc2 Kb6 41. Be2 Bf6 42. Kb3 a5 43. Ka4 Bd8 44. Kb3 Kc5 45. Bd3 Kd4 46. Be2 a4+ 47. Kb2 a3+ 48. Kb3 Be7 49. Bf1 Bd8 50. Be2 Bc7 51.
Bf1 Bd6 52. Be2 Ke5 53. Bc4 Kf5 54. Kc2 Kg5 55. Bf7 Kh4 56. Kd1 Kg5 57. Ke2 Kf6 58.
Ba2 Ke5 59. Kd3 Bb4 60. Bb3 e2 61. Kxe2 Kd4 62. Kd1 Kc3 63. Bd5 Kb2 64. Ke2 a2 65. Bxa2 Kxa2 66. Kd3 Be7 67. Kc2 Bg5 0-1

[Event "*** Titled Tuesday 3|2 Blitz"]
[Site "Chess.com"]
[Date "2015.04.07"]
[Round "8"]
[White "AndrewMcStone"]
[Black "AnastasiaProtopopova"]
[Result "1-0"]
[WhiteElo "1935"]
[BlackElo "1852"]
[TimeControl "180+2"]
[EndTime "12:43:16 PDT"]
[Termination "AndrewMcStone won by resignation"]

1. d4 Nf6 2. c4 e6 3. Nc3 Bb4 4. f3 d5 5. a3 Bxc3+ 6. bxc3 c6 7. e3 O-O 8. Bd3 b6 9. Ne2 Ba6 10. cxd5 cxd5 11. O-O Qc8 12. e4 dxe4 13. fxe4 Nbd7 14. e5 Nd5 15. Rf3 Bb7 16. Rh3 g6 17. Bh6 Re8 18. c4 Ne7 19. Ng3 Nf5 20. Nxf5 exf5 21. Bxf5 Qc6 22.
d5 Qc5+ 23. Be3 Qe7 24. Bxd7 Qxd7 25. Bd4 Rac8 26. Qc1 Bxd5 27. Qh6 Bxg2 28. Qxh7+ Kf8 29. Qh8+ Ke7 30. Qf6+ 1-0

[Event "*** Titled Tuesday 3|2 Blitz"]
[Site "Chess.com"]
[Date "2015.04.07"]
[Round "8"]
[White "pKiLz5Rn9b"]
[Black "facu57"]
[Result "0-1"]
[WhiteElo "2299"]
[BlackElo "2148"]
[TimeControl "180+2"]
[EndTime "12:43:19 PDT"]
[Termination "facu57 won by resignation"]

1. e4 c6 2. d4 d5 3. Nc3 dxe4 4. Nxe4 Nf6 5. Nxf6+ exf6 6. Ne2 Bg4 7. f3 Bh5 8.
Be3 Nd7 9. c4 Bd6 10. a3 O-O 11.
Qd2 Re8 12. O-O-O a5 13. Nf4 Bg6 14. h4 Qe7 15. Nxg6 Qxe3 16. Qxe3 Rxe3 17. Ne5 Nxe5 18. dxe5 Bxe5 19. Bd3 Re8 20. Kb1 g6 21. h5 Kg7 22. hxg6 hxg6 23. Rh4 Rd8 24. Bc2 Rxd1+ 25. Bxd1 Re1 26. Kc2 Rg1 27. g4 Rg2+ 28. Kd3 Bxb2 29. a4 Be5 30. Rh1 Bd6 31. Be2 Bc5 32. Rb1 b6 33.
Rd1 Rh2 34. Bf1 Rh8 35. Kc2 Re8 36. Rd7 Re3 37. Bd3 Rxf3 38. Be4 Rf4 39. Bxc6 Rxc4+ 40. Kd3 Rxg4 41. Bd5 Rd4+ 42. Kc3 Kh6 0-1

[Event "*** Titled Tuesday 3|2 Blitz"]
[Site "Chess.com"]
[Date "2015.04.07"]
[Round "8"]
[White "BjarkeSahl"]
[Black "AlmirDzhumaev"]
[Result "0-1"]
[WhiteElo "2033"]
[BlackElo "2108"]
[TimeControl "180+2"]
[EndTime "12:43:19 PDT"]
[Termination "AlmirDzhumaev won by resignation"]

1. e4 e5 2. Nf3 Nc6 3. d4 exd4 4.
Bc4 Nf6 5. e5 d5 6. Bb5 Ne4 7.
Nxd4 Bd7 8. Bxc6 bxc6 9. O-O Bc5 10. f3 Ng5 11. Be3 Bb6 12. Qd2 Ne6 13. b4 a5 14.
c3 O-O 15. f4 axb4 16. cxb4 Nxd4 17. Bxd4 Ra4 18. a3 Qa8 19. Kh1 Qa7 20. Bb2 Bf5 21. Nc3 Ra6 22. Rf3 Rd8 23. Ne2 Be4 24. Rg3 Bf2 25. Bd4 Bxd4 26. Nxd4 c5 27. bxc5 Qxc5 28. f5 Rda8 29. Rg1 Rxa3 30. Rxg7+ Kxg7 31. Qg5+ Kh8 32. Qf6+ Kg8 33. e6 Qf8 34. Nc6 Re8 35. e7 Qg7 0-1

[Event "*** Titled Tuesday 3|2 Blitz"]
[Site "Chess.com"]
[Date "2015.04.07"]
[Round "8"]
[White "alturas_pacificas"]
[Black "iFrancisco"]
[Result "1-0"]
[WhiteElo "2133"]
[BlackElo "2202"]
[TimeControl "180+2"]
[EndTime "12:43:46 PDT"]
[Termination "alturas_pacificas won by resignation"]

1. d4 d5 2. Bf4 e6 3. e3 Ne7 4. Bd3 Ng6 5. Bg3 Bd6 6. Nf3 O-O 7. Nbd2 b6 8. c3 Bb7 9. Qc2 c5 10. O-O c4 11. Bxg6 hxg6 12. Bxd6 Qxd6 13. Ne5 b5 14. a3 a5 15. f4 Nc6 16. Nxc6 Bxc6 17. Nf3 Rab8 18. Ne5 Rfc8 19. Rf3 Be8 20. Rh3 b4 21. axb4 axb4 22. Qf2 f6 23. Ra7 Rc7 24. Rxc7 Qxc7 25. Qh4 fxe5 26. Qh8+ Kf7 27. Rh7 Kf6 28.
fxe5+ Kf5 29. Rxg7 Qa5 30. Qh4 Qa1+ 31. Kf2 Qxb2+ 32.
Kg3 1-0

[Event "*** Titled Tuesday 3|2 Blitz"]
[Site "Chess.com"]
[Date "2015.04.07"]
[Round "8"]
[White "bugsbunny444"]
[Black "brauliocuarta"]
[Result "1-0"]
[WhiteElo "2323"]
[BlackElo "2084"]
[TimeControl "180+2"]
[EndTime "12:44:14 PDT"]
[Termination "bugsbunny444 won by resignation"]

1. Nf3 Nf6 2. c4 c5 3. g3 b6 4. Bg2 Bb7 5. O-O e6 6. b3 Be7 7. Bb2 O-O 8. Nc3 d6 9. e3 a6 10. d4 Nbd7 11. d5 e5 12. a4 g6 13. e4 Nh5 14.
Ne1 Ng7 15. Nd3 f5 16. f4 Kh8 17. Qd2 Bf6 18. Rae1 exf4 19. Nxf4 Bd4+ 20. Kh1 Qf6 21. exf5 gxf5 22. Ne6 Rf7 23. Nxd4 Qxd4 24. Qc2 Qg4 25. Ne4 Qg6 26. Nf2 Raf8 27. Nh3 Kg8 28. Nf4 Qh6 29. Ne6 Nxe6 30. dxe6 Bxg2+ 31. Qxg2 Re7 32. exd7 Rxd7 33. Qd5+ Rdf7 34. Rxf5 1-0

[Event "*** Titled Tuesday 3|2 Blitz"]
[Site "Chess.com"]
[Date "2015.04.07"]
[Round "8"]
[White "OIAM03"]
[Black "chesstatour"]
[Result "0-1"]
[WhiteElo "1948"]
[BlackElo "1957"]
[TimeControl "180+2"]
[EndTime "12:44:14 PDT"]
[Termination "chesstatour won on time"]

1. e4 c6 2. Nc3 d5 3. Nf3 dxe4 4. Nxe4 Nf6 5. Nxf6+ gxf6 6. d4 Bf5 7. Bf4 e6 8. Bd3 Bxd3 9. Qxd3 Bd6 10. Bxd6 Qxd6 11. O-O-O Nd7 12. Kb1 O-O-O 13. Nd2 Nb6 14. Ne4 Qe7 15.
c4 f5 16. Nc5 Rhg8 17. Qa3 Nxc4 18. Qxa7 Qc7 19. Rd3 Qb6 20. Qxb6 Nxb6 21. a4 Rxg2 22. a5 Nd7 23. Na4 Kc7 24. Rf3 Nf6 25. Nc5 Nd7 26. Nxd7 Rxd7 27. Rf4 Rd5 28. b4 Rb5 29. d5 Rxd5 30. Kc2 h5 31. h4 Rg4 0-1

[Event "*** Titled Tuesday 3|2 Blitz"]
[Site "Chess.com"]
[Date "2015.04.07"]
[Round "8"]
[White "Recombinant"]
[Black "DrHolmes13"]
[Result "0-1"]
[WhiteElo "2144"]
[BlackElo "2219"]
[TimeControl "180+2"]
[EndTime "12:44:27 PDT"]
[Termination "DrHolmes13 won on time"]

1. e4 c5 2. Nf3 Nc6 3. d4 cxd4 4. Nxd4 Nf6 5. Nc3 e5 6. Ndb5 d6 7. Bg5 a6 8. Na3 b5 9. Bxf6 gxf6 10. Nd5 f5 11. Bd3 Be6 12. c3 Bg7 13. Nc2 O-O 14. O-O fxe4 15. Bxe4 Rc8 16. Nce3 f5 17. Bf3 e4 18.
Be2 f4 19. Bg4 Bxg4 20. Nxg4 Qg5 21. Nb6 Rcd8 22. h3 Ne5 23. Qd5+ Kh8 24. Qxe4 f3 25. g3 d5 26. Qe3 Qh5 27. Nxe5 Bxe5 28. g4 d4 29.
cxd4 Qxh3 30. Qxe5+ Kg8 31. Qe6+ Rf7 0-1

[Event "*** Titled Tuesday 3|2 Blitz"]
[Site "Chess.com"]
[Date "2015.04.07"]
[Round "8"]
[White "tac49"]
[Black "GasconJR"]
[Result "0-1"]
[WhiteElo "2365"]
[BlackElo "2290"]
[TimeControl "180+2"]
[EndTime "12:44:47 PDT"]
[Termination "GasconJR won on time"]

1. e4 c5 2. Nf3 d6 3. d4 cxd4 4.
Nxd4 Nf6 5. Nc3 a6 6. h3 e6 7. g4 h6 8. Bg2 Nbd7 9. Be3 Ne5 10. Qe2 g5 11. O-O-O Qc7 12. h4 Rg8 13. hxg5 hxg5 14.
Kb1 Nfxg4 15. Bc1 Rb8 16. f4 gxf4 17. Bxf4 b5 18. Rh7 Nf6 19. Rhh1 Be7 20. Nf3 Nfd7 21. Nxe5 Nxe5 22. Rh7 b4 23. Bxe5 dxe5 24. Qh5 Bf6 25. Qf3 bxc3 26. Qxf6 Rxb2+ 27. Ka1 Qe7 28. Qf3 Rxc2 29.
Qd3 Rcxg2 30. Qxc3 Bd7 31. Qc7 Rxa2+ 32. Kxa2 Rg2+ 0-1

[Event "*** Titled Tuesday 3|2 Blitz"]
[Site "Chess.com"]
[Date "2015.04.07"]
[Round "8"]
[White "zmaj23"]
[Black "Imre91"]
[Result "1-0"]
[WhiteElo "2427"]
[BlackElo "2549"]
[TimeControl "180+2"]
[EndTime "12:44:50 PDT"]
[Termination "zmaj23 won by resignation"]

1. e4 e6 2. d4 d5 3. Nc3 Nf6 4.
Bg5 Be7 5. e5 Nfd7 6. h4 Nc6 7.
Qg4 f6 8. exf6 Nxf6 9. Qf4 O-O 10. Nf3 Qd6 11. O-O-O Qxf4+ 12. Bxf4 Ne4 13. Be3 Nxc3 14. bxc3 Bd6 15. c4 Bd7 16. c5 Bf4 17. c4 Be8 18. Be2 Bg6 19. h5 Be4 20. h6 gxh6 21. cxd5 exd5 22. Bxf4 Rxf4 23. Rxh6 Kg7 24. Rdh1 Rf6 25. Rxf6 Kxf6 26. Rh6+ Bg6 27. Kd2 Ne7 28. Rh1 b6 29. Ne5 bxc5 30. Nd7+ Kg7 31. Nxc5 Rb8 32. Kc3 Rb6 33.
g4 Nc8 34. f4 Nd6 35. f5 Bf7 36. Bd3 h6 37. f6+ Kxf6 38. Nd7+ Kg5 39. Nxb6 axb6 40. Re1 Kxg4 41. Re7 h5 42. Rxc7 Be8 43. Rg7+ Kf4 44. Re7 Ba4 45. Re5 h4 46. Rxd5 Ne8 47. Rh5 Kg3 48.
d5 Bd7 49. Kd4 Nf6 50. Rh6 Ng4 51. Rh7 Bc8 52. d6 Nf6 53. Rh6 Ng4 54. Rh8 Bd7 55.
Rh7 Nf6 56. Rf7 h3 57. Rxf6 h2 58. Be4 1-0

[Event "*** Titled Tuesday 3|2 Blitz"]
[Site "Chess.com"]
[Date "2015.04.07"]
[Round "8"]
[White "Daniel_Fridman"]
[Black "rhungaski"]
[Result "1-0"]
[WhiteElo "2641"]
[BlackElo "2444"]
[TimeControl "180+2"]
[EndTime "12:44:56 PDT"]
[Termination "Daniel_Fridman won by resignation"]

1. d4 d5 2. Nf3 Nf6 3. c4 dxc4 4. e3 e6 5. Bxc4 a6 6. O-O c5 7. dxc5 Bxc5 8. Qxd8+ Kxd8 9. Be2 Ke7 10. Ne5 Bd7 11. Bf3 Nc6 12. Nxc6+ Bxc6 13. Bxc6 bxc6 14. Bd2 Nd5 15. Rc1 Bd6 16. Rxc6 Rhc8 17. Rxc8 Rxc8 18. Nc3 Nb4 19. Kf1 Nd3 20. Rb1 Rb8 21. Na4 e5 22. f3 f5 23. Ke2 e4 24. fxe4 fxe4 25. Nc3 Bxh2 26. b3 Nc5 27. b4 Nd7 28. Rh1 Be5 29. Rxh7 a5 30. bxa5 Rb2 31. Nxe4 Rxa2 32. Kf3 Ke6 33.
Rh4 Bc7 34. Bc3 g6 35. Rg4 Nf8 36. a6 Bb6 37. Bd4 Bxd4 38. exd4 Ra3+ 39. Kf2 Kf7 40. Nc5 Kg7 41. d5 Kf6 42. Ra4 Rxa4 43. Nxa4 Nd7 44.
a7 1-0

[Event "*** Titled Tuesday 3|2 Blitz"]
[Site "Chess.com"]
[Date "2015.04.07"]
[Round "8"]
[White "DanielRensch"]
[Black "guillead1"]
[Result "1-0"]
[WhiteElo "2245"]
[BlackElo "2355"]
[TimeControl "180+2"]
[EndTime "12:45:13 PDT"]
[Termination "DanielRensch won by checkmate"]

1. d4 g6 2. e4 Bg7 3. Nc3 c6 4. Bg5 d5 5. e5 f6 6. exf6 exf6 7. Be3 Nh6 8. Bd3 O-O 9. Nce2 Nd7 10. c3 Re8 11. h3 Nf8 12. g4 Nf7 13. Qc2 a5 14. Ng3 a4 15. N1e2 a3 16. b4 b5 17. O-O-O Nd6 18.
Kb1 Be6 19. Bc1 Bf7 20. h4 Qd7 21. f3 Nc4 22. h5 Ne3 23. Qb3 Nxd1 24. Rxd1 g5 25.
Nf5 h6 26. Bxa3 Be6 27. Neg3 Bxf5 28. Nxf5 Ne6 29. Bc1 Nf8 30. Qc2 Re6 31. Ng3 Qc7 32. Qf2 Rae8 33. f4 Qe7 34. Bf5 Re1 35. Rd3 Qa7 36.
fxg5 Qa3 37. Qd2 fxg5 38. Rf3 Rg1 39. Nf1 Qa7 40. Qf2 Ra8 41. a3 Rxf1 42. Qxf1 Qe7 43. Bc2 Ne6 44. Qd3 Qd6 45. Qh7# 1-0

[Event "*** Titled Tuesday 3|2 Blitz"]
[Site "Chess.com"]
[Date "2015.04.07"]
[Round "8"]
[White "chessloveyou"]
[Black "HansCoolNiemann"]
[Result "0-1"]
[WhiteElo "2115"]
[BlackElo "1881"]
[TimeControl "180+2"]
[EndTime "12:45:28 PDT"]
[Termination "HansCoolNiemann won by resignation"]

1. d4 Nf6 2. Nf3 g6 3. g3 Bg7 4. Bg2 O-O 5. O-O d6 6. a4 c6 7. Nc3 Bg4 8. e4 Qa5 9. h3 Bxf3 10.
Bxf3 e5 11. dxe5 dxe5 12. Be3 Na6 13. Qc1 Rfd8 14. Bh6 Nc5 15. Bxg7 Kxg7 16. Qg5 Ne6 17. Qe3 Nd4 18. Bd1 b5 19. f4 b4 20. Ne2 Rd7 21.
c3 bxc3 22. bxc3 Nxe2+ 23. Bxe2 exf4 24. gxf4 Re8 25. e5 Nd5 26. Qf2 Qxc3 27. Rac1 Qxh3 28. Rxc6 Re6 29. Rc2 Qf5 30. Bb5 Rc7 31. Rxc7 Nxc7 32. Be2 Qe4 33. a5 Qd5 34. Bf3 Qxa5 35. Kg2 Qb6 36.
Qh4 f6 37. Rh1 h5 38. f5 Rxe5 39. fxg6 Rg5+ 40. Kh2 Qb2+ 41. Kh3 Qc3 42. Qf4 Ne6 43. Qe4 Re5 44. Qb7+ Kxg6 45. Rg1+ Ng5+ 46. Kg3 Re3 47. Qb1+ Kh6 48. Kh4 Nxf3+ 49. Kg3 Nxg1+ 50. Kh2 Rh3+ 51. Kxg1 Qg3+ 0-1